 Dungeon Crawl Stone Soup version 0.31-a0-965-g8a8ce12e04 (webtiles) character file.

Game seed: 12693080504821662688

30 Dordric the Insei (level 3, -3/23 HPs)
             Began as an Octopode Shapeshifter on Oct 27, 2023.
             Slain by an orc
             ... wielding a +0 mace
              (8 damage)
             ... on level 2 of the Dungeon.
             The game lasted 00:00:56 (760 turns).

Dordric the Insei (Octopode Shapeshifter)            Turns: 760, Time: 00:00:56

Health: -3/23      AC:  1    Str: 13    XL:     3   Next: 18%
Magic:  3/3        EV: 13    Int: 12    God:
Gold:   42         SH:  0    Dex: 13    Spells: 2/2 levels left

rFire   . .          .
                       - Unarmed
rCold   . . .        (no shield)
rNeg    . . .        (helmet currently unavailable)
rPois   .            (no amulet)
rElec   .            (no ring)
rCorr   .            (no ring)
SInv    .            (no ring)
Will    .....        (no ring)
Stlth   ++           (no ring)
HPRegen 0.23/turn    (no ring)
MPRegen 0.08/turn    (no ring)
                     (no ring)

%: no passive effects
@: beast-form
A: beast (slay +2), almost no armour, amphibious, 8 rings, camouflage 1,
gelatinous body 1, (nimble swimmer 1), tentacles
a: Begin Untransformation


You were on level 2 of the Dungeon.
You were a hulking beast.
You visited 1 branch of the dungeon, and saw 2 of its levels.

You collected 42 gold pieces.

Inventory:

Talismans
 b - a beast talisman (active)
 c - a flux talisman
Scrolls
 e - a scroll of silence {unknown}
 f - a scroll of fear {unknown}
 i - a scroll of vulnerability {unknown}
Potions
 a - a potion of lignification
 d - 2 potions of mutation {unknown}
 g - a potion of magic {unknown}
 h - a potion of brilliance {unknown}


   Skills:
 - Level 1.0 Fighting
 - Level 2.0 Dodging
 + Level 3.6 Unarmed Combat
 + Level 3.5 Shapeshifting


You had 2 spell levels left.
You didn't know any spells.
Your spell library contained the following spells:

 Spells                   Type           Power      Damage    Failure   Level
 Sublimation of Blood     Necr           0%         N/A       45%         2
 Petrify                  Tmut/Erth      0%         N/A       97%         4
 Irradiate                Conj/Tmut      0%         3d11      100%        5


Dungeon Overview and Level Annotations

Branches:
Dungeon (2/15)

Altars:

Shops:
D:1 (


Innate Abilities, Weirdness & Mutations

You are a hulking beast.
Your limbs bulge with bestial killing power. (Slay +2)
You cannot wear most types of armour.
You are amphibious.
You can wear up to eight rings at the same time.
Your skin changes colour to match your surroundings (Stealth+).
Your rubbery body absorbs attacks. (AC +1, EV +1)
((You are camouflaged when in or above water. (Stealth+)))
You have tentacles for arms and can constrict up to eight enemies at once.


Message History

An orc comes into view. It is wielding a +0 club.
An orc comes into view. It is wielding a +0 mace.
The orc shouts!
An orc comes into view. It is wielding a +0 short sword.
The orc shouts! x2
You barely miss the orc. You grab the orc. You constrict the orc.
The orc barely misses you.
You tentacle-slap the orc.
The orc is heavily wounded.
You constrict the orc. The orc closely misses you.
The orc hits you with a +0 dagger. The orc closely misses you.
You tentacle-slap the orc but do no damage.
You squeeze the orc.
You kill the orc!
The orc hits you with a +0 dagger. The orc hits you with a +0 short sword.
The orc closely misses you.
You closely miss the orc. You grab the orc. You squeeze the orc!
You kill the orc!
The orc barely misses you. The orc hits you with a +0 mace.
You closely miss the orc. You grab the orc. You constrict the orc.
The orc barely misses you. The orc hits you with a +0 mace.
You are too injured to fight recklessly!
You are too injured to fight recklessly!
You are too injured to fight recklessly!
You are too injured to fight recklessly!
You are too injured to fight recklessly!
You are too injured to fight recklessly!
You are too injured to fight recklessly!
You are too injured to fight recklessly!
You are too injured to fight recklessly!
You are too injured to fight recklessly!
You are too injured to fight recklessly!
You are too injured to fight recklessly!
You are too injured to fight recklessly!
You are too injured to fight recklessly!
You release your grip on the orc.
The orc hits you with a +0 mace. The orc attacks as it pursues you!
The orc hits you with a +0 dagger.
* * * LOW HITPOINT WARNING * * *
The orc attacks as it pursues you! The orc hits you with a +0 mace!
You die...

#############
.......##.. .##
...#.##.#
.....#)#.##.####
#...).oh.....#
#.....o##.##.# .#
#......##.##.##.#
.........##)#...#.#
###.##.####.......#
#. .. #.......### #
##. #.........# #+
#.......#.#
###..<###.#


You could see 2 orcs.

Vanquished Creatures
  A dart slug (D:1)
  2 orcs (D:2)
  3 ball pythons (D:1)
  3 endoplasms (D:1)
  A giant cockroach (D:1)
  3 goblins (D:1)
  2 hobgoblins (D:1)
  2 quokkas (D:1)
  A frilled lizard (D:1)
  4 kobolds
  A rat (D:1)
23 creatures vanquished.

Notes
Turn   | Place    | Note
-------+----------+-------------------------------------------
     0 | D:1      | Dordric the Octopode Shapeshifter began the quest for the
                  | Orb.
     0 | D:1      | Reached XP level 1. HP: 13/13 MP: 1/1
    17 | D:1      | Noticed a basilisk
    17 | D:1      | Noticed a tyrant leech
    17 | D:1      | Noticed an imperial myrmidon
    18 | D:1      | Noticed a yaktaur
    43 | D:1      | Reached XP level 2. HP: 18/18 MP: 2/2
   242 | D:1      | Found Napnui's Weapon Shoppe.
   649 | D:1      | Reached XP level 3. HP: 23/23 MP: 3/3
   760 | D:2      | Slain by an orc

Illustrated notes

Levels and vault maps discovered:
D:1:      onia_arrival_zoo_common, layout_loops_ring, serial_shops,
          nicolae_shop_hallway_stairs, nicolae_the_louvre
D:2:      layout_loops_corners, uniq_robin

Action                     || total
---------------------------++-------
  Melee: Unarmed           ||    38
         Constrict         ||    12
         Tentacles         ||     7
         Punch             ||     2
   Stab: Sleeping          ||     3
 Armour: Skin              ||    17
  Dodge: Dodged            ||    21
   Form: Beast             ||     1
         Flux              ||     1

Table legend: (Time is in decaauts)
 A = Elapsed time spent in this place.
 B = Non-inter-level travel time spent in this place.
 C = Inter-level travel time spent in this place.
 D = Time resting spent in this place.
 E = Time spent auto-exploring this place.
 F = Levels seen in this place.
 G = Mean time per level.
                   A        B        C        D        E       F      G
               +--------+--------+--------+--------+--------+-----+--------+
         Total |    757 |    704 |     53 |      0 |    553 |   2 |  378.5 |
       Dungeon |    757 |    704 |     53 |      0 |    553 |   2 |  378.5 |
               +--------+--------+--------+--------+--------+-----+--------+

Top non-repeatable levels by time:
     D:1: 716 daAuts
     D:2: 41 daAuts
